 Dungeon Sprint DCSS version 0.18-a0-1014-g3bbf375 (webtiles) character file.

17 pipel the Grave Robber (level 2, 0/22 HPs)
             Began as a Deep Elf Necromancer on Jan 6, 2016.
             Was an Initiate of Sif Muna.
             Slain by an ufetubus (5 damage)
             ... in the Dungeon (Sprint VII: "The Pits").
             The game lasted 00:02:12 (109 turns).

pipel the Grave Robber (Deep Elf Necromancer)        Turns: 109, Time: 00:02:13

Health: 0/22       AC:  2    Str: 10    XL:     2   Next: 44%
Magic:  10/10      EV: 13    Int: 19    God:    Sif Muna [......]
Gold:   0          SH:  0    Dex: 15    Spells: 2 memorised, 9 levels left

rFire  . . .     SeeInvis .     a - +2 trident
rCold  . . .     Gourm    .     j - +0 robe
rNeg   . . .     Faith    .     (no shield)
rPois  .         Spirit   .     (no helmet)
rElec  .         Dismiss  .     (no cloak)
rCorr  .         Reflect  .     (no gloves)
SustAt .         Harm     .     (no boots)
MR     .....     NoTele   +     (no amulet)
Stlth  ..........               (no ring)
                                (no ring)

@: berserking, very quick, not resistant to hostile enchantments, extremely
unstealthy
A: no striking features
a: Renounce Religion


You were in the Dungeon.
You worshipped Sif Muna.
Sif Muna was noncommittal.
You were not hungry.

You visited 1 branch

Inventory:

Hand Weapons
 a - a +2 trident (weapon)
Missiles
 r - 14 stones (quivered)
Armour
 j - a +0 robe (worn)
Magical Staves
 b - an uncursed staff of energy
Scrolls
 i - a scroll of blinking
 n - 2 scrolls of remove curse
 o - 5 scrolls of amnesia
 p - a scroll of summoning
 q - 2 scrolls of vulnerability
Potions
 d - a potion of curing
 e - a potion of heal wounds
 f - a potion of haste
 g - 4 potions of magic
 h - 2 potions of berserk rage
 m - 2 potions of invisibility
Books
 s - a book of Necromancy

   Spells                             Type                      Level
   a - Pain                           Necromancy                   1
   b - Animate Skeleton               Necromancy                   1
   c - Vampiric Draining              Necromancy                   3
   d - Regeneration                   Charms/Necromancy            3
   e - Animate Dead                   Necromancy                   4
   f - Control Undead                 Necromancy                   4
Comestibles
 c - 8 bread rations
 k - 40 fruits
 l - 7 meat rations
 t - 7 chunks of flesh


   Skills:
 - Level 2.5 Dodging
 - Level 2.4 Stealth
 + Level 5.2 Spellcasting
 + Level 6.6 Necromancy


You had 9 spell levels left.
You knew the following spells:

 Your Spells              Type           Power        Failure   Level  Hunger
a - Animate Skeleton      Necr           N/A          1%          1    None
p - Pain                  Necr           ####         1%          1    None


Dungeon Overview and Level Annotations

Branches:
Dungeon (1/1)

Altars:
Ashenzari
Cheibriados
Dithmenos
Elyvilon
Fedhas
Kikubaaqudgha
Makhleb
Nemelex Xobeh
Okawaru
Pakellas
Ru
Sif Muna
Trog
Vehumet
Xom
Yredelemnul
Zin
The Shining One
Beogh
Jiyva
Lugonu


Message History

You open the door.
An ufetubus comes into view.
The ufetubus shouts!
A rat comes into view.
The rat moves out of view.
The ufetubus hits your gnoll skeleton. The ufetubus hits your gnoll skeleton.
A worker ant comes into view.
Your gnoll skeleton misses the ufetubus.
Drink which item? (? for menu, Esc to quit)
A red film seems to cover your vision as you go berserk!
You feel yourself moving faster!
You feel mighty! The ufetubus closely misses you. The ufetubus hits you.
Your gnoll skeleton barely misses the ufetubus.
You now have 7/22 hp.
You hit the ufetubus.
The ufetubus is lightly wounded.
The ufetubus hits you.
* * * LOW HITPOINT WARNING * * *
The ufetubus hits you.
You die...

#__________#
#__________#
#_#####'##############
#)))'.'..##.........
#).)#.#..##......#..
#######'#####.........
#...........'.........
#+#####'#####......#..
#..@#.# #.........
#..5#.# ####'#####
#.Za).# #.......#
##r#### #.......# #...
#.......# #...
#...<...# #....
#.......# #....
#.......# ######
#.......#


You could see a worker ant, an ufetubus, a rat and a friendly gnoll skeleton.

Vanquished Creatures
  A gnoll (D)
  A goblin (D)
  A kobold (D)
  A quokka (D)
4 creatures vanquished.

Vanquished Creatures (collateral kills)
  A giant eyeball (D)
1 creature vanquished.

Grand Total: 5 creatures vanquished

Notes
Turn   | Place    | Note
--------------------------------------------------------------
     0 | D        | pipel the Deep Elf Necromancer began the quest for the Orb.
     0 | D        | Reached XP level 1. HP: 10/10 MP: 6/6
    10 | D        | Reached skill level 5 in Necromancy
    13 | D        | Learned a level 1 spell: Animate Skeleton
    28 | D        | Found a sacrificial altar of Ru.
    28 | D        | Found a basalt altar of Yredelemnul.
    28 | D        | Found a glowing golden altar of the Shining One.
    28 | D        | Found a deep blue altar of Sif Muna.
    28 | D        | Found a burning altar of Makhleb.
    28 | D        | Found an ancient bone altar of Kikubaaqudgha.
    28 | D        | Found a glowing silver altar of Zin.
    29 | D        | Found a shadowy altar of Dithmenos.
    29 | D        | Found a bloodstained altar of Trog.
    29 | D        | Found a shattered altar of Ashenzari.
    29 | D        | Found a white marble altar of Elyvilon.
    29 | D        | Found a snail-covered altar of Cheibriados.
    29 | D        | Found a blossoming altar of Fedhas.
    29 | D        | Found a radiant altar of Vehumet.
    29 | D        | Found a shimmering altar of Xom.
    29 | D        | Found a sparkling altar of Nemelex Xobeh.
    29 | D        | Found a corrupted altar of Lugonu.
    29 | D        | Found a viscous altar of Jiyva.
    29 | D        | Found a roughly hewn altar of Beogh.
    29 | D        | Found an iron altar of Okawaru.
    30 | D        | Found an oddly glowing altar of Pakellas.
    32 | D        | Became a worshipper of Sif Muna the Loreminder
    80 | D        | Reached skill level 6 in Necromancy
    80 | D        | Reached XP level 2. HP: 6/15 MP: 4/9
    81 | D        | Paralysed by a giant eyeball for 3 turns
    87 | D        | Paralysed by a giant eyeball for 3 turns
    90 | D        | Reached skill level 5 in Spellcasting
   109 | D        | Slain by an ufetubus

Vault maps used:
D:        pitsprint

Action                   || total
-------------------------++-------
Melee: Trident           ||     3
Throw: Stone             ||     1
 Cast: Pain              ||     9
       Animate Skeleton  ||     2
Evoke: Staff of energy   ||     4
  Use: Scroll            ||     1
       Potion            ||     1
